 Dungeon Crawl Stone Soup version 0.31-a0-188-g5e087ee2ca (webtiles) character file.

Game seed: 2950493839857112982

109 qw the Skirmisher (level 4, 0/25 HPs)
             Began as a Deep Elf Hunter on June 23, 2023.
             Slain by a shadow imp (2 damage)
             ... summoned by Eustachio
             ... on level 4 of the Dungeon.
             The game lasted 00:00:46 (2493 turns).

qw the Skirmisher (Deep Elf Hunter)                 Turns: 2493, Time: 00:00:47

Health: 0/25       AC:  7    Str: 10    XL:     4   Next: 59%
Magic:  6/6        EV: 16    Int: 14    God:
Gold:   194        SH:  0    Dex: 18    Spells: 3/3 levels left

rFire   . . .        Y - +0 shortbow
rCold   . . .        (shield currently unavailable)
rNeg    . . .        e - +0 ring mail
rPois   .            k - +0 helmet
rElec   .            a - +0 cloak
rCorr   .            (no gloves)
SInv    .            (no boots)
Will    .....        (no amulet)
Stlth   +            h - +5 ring of evasion
HPRegen 0.24/turn    (no ring)
MPRegen 0.10/turn

%: no passive effects
@: no status effects
A: no striking features
a: no special abilities


You were on level 4 of the Dungeon.
You visited 1 branch of the dungeon, and saw 4 of its levels.

You collected 194 gold pieces.


   Skills:
 - Level 1.5 Fighting
 + Level 8.0 Ranged Weapons
 - Level 2.4 Dodging
 - Level 1.2 Stealth


You had 3 spell levels left.
You didn't know any spells.
Your spell library was empty.

Inventory:

Hand Weapons
 Y - a +0 shortbow (weapon)
Armour
 a - a +0 cloak (worn)
 e - a +0 ring mail (worn)
 k - a +0 helmet (worn)
Jewellery
 b - an amulet of the acrobat
 h - a +5 ring of evasion (left hand)
Scrolls
 f - a scroll of identify
Potions
 c - a potion of mutation {unknown}
 g - 3 potions of curing
 j - 3 potions of heal wounds

Dungeon Overview and Level Annotations

Branches:
Dungeon (4/15)
 Temple: D:4-7

Altars:
Elyvilon
Wu Jian

Annotations:
D:4 Eustachio


Message History

The river rat is heavily wounded.
The shadow imp disappears in a puff of smoke!
The river rat misses you. The river rat closely misses you.
You shoot an arrow. The arrow hits the river rat.
You kill the river rat!
The river rat's corpse disappears in a puff of smoke!
The iron imp lashes its tail.
The ufetubus closely misses you. x2; The river rat bites you.
You shoot an arrow.
The arrow hits the river rat but does no damage.
The ufetubus misses you. The ufetubus closely misses you.
The river rat completely misses you.
The ufetubus hits you but does no damage.
The ufetubus hits you.
You shoot an arrow.
The arrow hits Eustachio but does no damage.
Eustachio is moderately wounded.
The ufetubus closely misses you. The ufetubus barely misses you.
The river rat closely misses you. Eustachio hits you with a +0 rapier.
You shoot an arrow.
The arrow hits Eustachio but does no damage.
Eustachio is moderately wounded.
The ufetubus closely misses you. x2; The river rat closely misses you.
Eustachio mumbles some strange words.
Eustachio blinks!
You shoot an arrow. The arrow hits the iron imp.
The iron imp is lightly wounded.
The river rat bites you but does no damage.
The iron imp spits at you. The iron imp closely misses you.
You shoot an arrow. The arrow hits the iron imp.
The iron imp is heavily wounded.
The river rat misses you. The shadow imp misses you.
The iron imp barely misses you. The river rat bites you.
You shoot an arrow. The arrow hits the iron imp.
The iron imp is severely wounded.
Eustachio hits you with a +0 rapier. The shadow imp closely misses you.
The iron imp completely misses you. The river rat barely misses you.
Eustachio misses you. The shadow imp hits you.
You die...

############
##..........##
#............##
..............#
..............#
...!...5......# ...
......r55....)# #.# #
.......@......#.#.# ###
#.......@.......#.####..
##...........####.#....#
#########...# #.#....#
#########.#.####.#....#
#.........#...........#
#.#########.....#.....#
#.# #.....#.....# # ##.#
#>...)......#


You could see Eustachio, an iron imp (summoned), a river rat (summoned), a
shadow imp (summoned) and an ufetubus (summoned).

Vanquished Creatures
  Jessica (D:3)
  2 adders
  4 dart slugs
  An orc (D:4)
  7 ball pythons
  7 bats
  5 endoplasms
  4 giant cockroaches
  5 goblins
  4 hobgoblins
  2 quokkas
  A frilled lizard (D:1)
  5 kobolds
  5 rats
53 creatures vanquished.

Notes
Turn   | Place    | Note
-------+----------+-------------------------------------------
     0 | D:1      | qw the Deep Elf Hunter began the quest for the Orb.
     0 | D:1      | Reached XP level 1. HP: 12/12 MP: 3/3
     0 | D:1      | 0 ||| qw: Version: 0.3-a-9-g12657ce
     0 | D:1      | 0 ||| qw: Game counter: 4240
     0 | D:1      | 0 ||| qw: Always use a shield: true
     0 | D:1      | 0 ||| qw: God list: Okawaru
     0 | D:1      | 0 ||| qw: Allow faded altars: false
     0 | D:1      | 0 ||| qw: Do Orc after D:15 true
     0 | D:1      | 0 ||| qw: Do second Lair branch before Depths: true
     0 | D:1      | 0 ||| qw: Lair rune preference: random
     0 | D:1      | 0 ||| qw: Plans: Normal
     0 | D:1      | 0 ||| PLANNING D:1-11
   300 | D:1      | Reached XP level 2. HP: 15/16 MP: 4/4
   306 | D:1      | Reached skill level 6 in Ranged Weapons
   670 | D:1      | Reached XP level 3. HP: 20/20 MP: 5/5
   887 | D:1      | 887 ||| UPGRADING to +0 ring mail.
   897 | D:1      | 897 ||| DROPPING +0 leather armour.
   898 | D:1      | 898 ||| UPGRADING to +0 helmet.
   903 | D:1      | 903 ||| UPGRADING to +5 ring of evasion.
   904 | D:1      | 904 ||| READING scroll labelled ATWEAC HULEB.
   905 | D:1      | 905 ||| READING scroll labelled ISSI VASIGU.
   906 | D:1      | 906 ||| READING scroll labelled LALAK AWIAFUNU.
   907 | D:1      | 907 ||| DRINKING 2 bubbling black potions.
   908 | D:1      | 908 ||| DRINKING 3 dark potions.
   909 | D:1      | 909 ||| DROPPING scroll of butterflies.
  1115 | D:2      | Found an ornate altar of the Wu Jian Council.
  1244 | D:2      | Reached skill level 7 in Ranged Weapons
  1554 | D:2      | 1554 ||| UPGRADING to +0 cloak.
  1559 | D:2      | 1559 ||| DRINKING 2 murky dark potions.
  1598 | D:2      | 1598 ||| DROPPING potion of lignification.
  1688 | D:3      | Noticed Jessica
  1690 | D:3      | Killed Jessica
  1691 | D:3      | Reached XP level 4. HP: 25/25 MP: 6/6
  1815 | D:3      | Found a white marble altar of Elyvilon.
  2278 | D:3      | 2278 ||| DROPPING scarf of invisibility.
  2279 | D:3      | 2279 ||| READING scroll labelled PIRE ENO REDY.
  2280 | D:3      | 2280 ||| READING 2 scrolls of identify.
  2280 | D:3      | 2280 ||| IDENTIFYING orange potion
  2281 | D:3      | 2281 ||| DROPPING potion of brilliance.
  2418 | D:4      | Reached skill level 8 in Ranged Weapons
  2476 | D:4      | Noticed Eustachio
  2493 | D:4      | HP: 2/25 [Eustachio/+0 rapier (5)]
  2493 | D:4      | Slain by a shadow imp

Levels and vault maps discovered:
D:1:      dpeg_chamrin_arrival_tetris, layout_basic,
          kennysheep_decorative_pillar, minmay_quantized
D:2:      layout_loops_ring, basic_altar
D:3:      layout_basic, nicolae_elyvilon_peaceful_grove, uniq_jessica
D:4:      layout_rooms, fedhas_ov_isle_minmay, uniq_eustachio

Skill      XL: |  1  2  3  4 |
---------------+-------------+-----
Ranged Weapons | 6 7 8 |  8.0
Fighting       | |  1.5
Dodging        | |  2.4
Stealth        | |  1.2

Action                     |  1- 3 |  4- 6 || total
---------------------------+-------+-------++-------
   Fire: Shortbow          |   102 |    59 ||   161
    Use: Scroll            |     3 |     2 ||     5
         Potion            |     3 |       ||     3
 Armour: Leather armour    |     7 |       ||     7
         Ring mail         |     4 |    12 ||    16
  Dodge: Dodged            |    26 |    48 ||    74

Table legend:
 A = Non-vault XP
 B = Vault XP
 C = Vault XP percentage of total XP
 D = Non-vault monster count
 E = Vault monster count
 F = Vault count percentage of total count
                 A         B        C        D         E       F
            +---------+---------+-------+---------+---------+-------
      Total |     115 |      41 |  26.3 |      50 |       3 |   5.7
            +---------+---------+-------+---------+---------+-------
        D:1 |      37 |       4 |   9.8 |      21 |       2 |   8.7
        D:2 |      38 |       0 |   0.0 |      15 |       0 |   0.0
        D:3 |      26 |      37 |  58.7 |       7 |       1 |  12.5
        D:4 |      14 |       0 |   0.0 |       7 |       0 |   0.0
            +---------+---------+-------+---------+---------+-------
